 Dungeon Crawl Stone Soup version 0.28-a0-385-g79de503ca0 (webtiles) character file.

Game seed: 13661571515912667583

14414 McIrco the Cleaver (level 11, 0/99 HPs)
             Began as a Minotaur Fighter on Sept 3, 2021.
             Was an Initiate of Gozag.
             Succumbed to a killer bee's poison
             ... on level 9 of the Dungeon.
             The game lasted 00:14:46 (11794 turns).

McIrco the Cleaver (Minotaur Fighter)              Turns: 11794, Time: 00:14:47

Health: 0/99       AC: 10    Str: 29    XL:     11   Next: 88%
Magic:  10/10      EV:  9    Int:  5    God:    Gozag
Gold:   1823       SH: 16    Dex: 11    Spells: 10/10 levels left

rFire   . . .      SeeInvis .   J - +0 war axe (freeze)
rCold   + . .      Faith    .   q - +0 kite shield
rNeg    + . .      Spirit   .   b - +0 scale mail
rPois   .          Reflect  +   (helmet restricted)
rElec   .          Harm     .   v - +0 cloak
rCorr   .          Rampage  .   (no gloves)
Will    .....                   (no boots)
Stlth   ..........              d - amulet of reflection
HPRegen 0.26/turn               l - +6 ring of strength
MPRegen 0.12/turn               M - ring of Awe {+Blink rC+ rN+}

@: lethally poisoned (0 -> -31), gold aura
A: horns 2, retaliatory headbutt
a: Renounce Religion, Evoke Blink, Potion Petition, Call Merchant, Bribe Branch


You were on level 9 of the Dungeon.
You worshipped Gozag.
Gozag was most pleased with you.
You visited 2 branches of the dungeon, and saw 11 of its levels.

You collected 1927 gold pieces.
You paid 104 gold pieces to Gozag.

Inventory:

Hand Weapons
 a - a +0 war axe
 J - a +0 war axe of freezing (weapon)
 K - a +2 war axe
Missiles
 m - 7 poisoned darts (quivered)
 y - 8 curare-tipped darts
 I - 6 javelins
Armour
 b - a +0 scale mail (worn)
 c - a +0 buckler
 h - a +0 cloak
 q - a +0 kite shield (worn)
 v - a +0 cloak (worn)
Jewellery
 d - an amulet of reflection (around neck)
 l - a +6 ring of strength (left hand)
 n - a ring of poison resistance
 A - a +4 ring of protection
 G - a ring of positive energy
 M - the ring of Awe (right hand) {+Blink rC+ rN+}
   (You found it on level 9 of the Dungeon)

   [ring of protection from cold]

   rC:        It protects you from cold.
   rN:        It protects you from negative energy.
   +Blink:    It lets you blink.
Wands
 e - a wand of polymorph (1)
 B - a wand of mindburst (19)
 E - a wand of paralysis (6)
 F - a wand of flame (33)
Scrolls
 f - 5 scrolls of magic mapping
 j - 4 scrolls of immolation
 t - 2 scrolls of enchant weapon {unknown}
 u - a scroll of vulnerability {unknown}
 w - 4 scrolls of teleportation {unknown}
 x - 3 scrolls of identify
 D - a scroll of enchant armour {unknown}
 H - a scroll of noise {unknown}
 L - a scroll of summoning {unknown}
Potions
 g - 2 potions of lignification
 i - a potion of ambrosia
 k - a potion of might
 o - a potion of invisibility
 p - 4 potions of mutation
 r - 2 potions of haste {unknown}
 s - 3 potions of flight
 z - a potion of brilliance {unknown}
 C - 6 potions of heal wounds


   Skills:
 + Level 10.1 Fighting
 + Level 14.5 Axes
 + Level 10.6 Armour
 + Level 11.5 Shields


You had 10 spell levels left.
You didn't know any spells.
Your spell library contained the following spells:

 Spells                   Type           Power      Damage    Failure   Level
 Beastly Appendage        Tmut           0%         N/A       83%         1
 Magic Dart               Conj           0%         1d3       83%         1
 Sandblast                Erth           0%         2d4       83%         1
 Sting                    Tmut/Pois      0%         1d3       83%         1
 Call Imp                 Summ           0%         N/A       93%         2
 Wereblood                Tmut           0%         N/A       93%         2
 Mephitic Cloud           Conj/Pois/Air  0%         N/A       99%         3
 Spider Form              Tmut/Pois      0%         N/A       99%         3
 Stone Arrow              Conj/Erth      0%         3d7       99%         3
 Passage of Golubria      Tloc           N/A        N/A       100%        4
 Petrify                  Tmut/Erth      0%         N/A       100%        4
 Alistair's Intoxication  Tmut/Pois      0%         N/A       100%        5
 Borgnjor's Vile Clutch   Necr/Erth      0%         N/A       100%        5
 Iskenderun's Battlesphe  Conj           0%         2d6       100%        5
 Metabolic Englaciation   Hex/Ice        0%         N/A       100%        5
 Silence                  Hex/Air        0%         N/A       100%        5
 Conjure Ball Lightning   Conj/Air       0%         3x3d6     100%        6
 Statue Form              Tmut/Erth      0%         N/A       100%        6
 Orb of Destruction       Conj           0%         N/A       100%        7
 Lehudib's Crystal Spear  Conj/Erth      0%         10d2      100%        8


Dungeon Overview and Level Annotations

Branches:
Dungeon (10/15)            Temple (1/1) D:5            Lair (0/6) D:9
    Orc: D:9-12

Altars:
Cheibriados
Dithmenos
Elyvilon
Gozag
Nemelex Xobeh
Qazlal
Ru
Uskayaw
Yredelemnul
Zin
The Shining One
Beogh

Shops:
D:1 [   D:5 *

Annotations:
D:7 3 runed translucent doors, Froggeryz's ghost, novice OpBe
D:9 2 runed translucent doors


Innate Abilities, Weirdness & Mutations

You have a pair of horns on your head.
You reflexively headbutt those who attack you in melee.


Message History

The killer bee is no longer distracted by gold.
The killer bee stings you! You block the killer bee's attack.
The queen bee calls on the killer bee to defend it!
The killer bee goes berserk!
The queen bee calls on the killer bee to defend it!
The killer bee goes berserk!
Unknown command.
You feel sick. You block the killer bee's attack. The killer bee misses you.
You furiously retaliate!
You headbutt the killer bee. You block the killer bee's attack.
You feel sick. You block the killer bee's attack.
The killer bee stings you but does no damage.
The killer bee rages.
The killer bee barely misses you. You furiously retaliate!
You headbutt the killer bee! You block the killer bee's attack.
The killer bee barely misses you. You furiously retaliate!
You headbutt the killer bee.
There is a stone staircase leading up here.
Unknown command.
You feel sick. The killer bee stings you.
* * * LOW HITPOINT WARNING * * *
You are more poisoned.
The killer bee poisons you! You block the killer bee's attack.
The killer bee stings you.
* * * LOW HITPOINT WARNING * * *
You are more poisoned.
The killer bee poisons you! The killer bee stings you!
* * * LOW HITPOINT WARNING * * *
You are more poisoned.
The killer bee poisons you! You block the killer bee's attack.
The killer bee stings you but does no damage.
The killer bee barely misses you. The killer bee stings you.
* * * LOW HITPOINT WARNING * * *
The killer bee closely misses you. You furiously retaliate!
You headbutt the killer bee!
You kill the killer bee!
You climb upwards.
Level annotation: 2 runed translucent doors You die...
Your body crumbles into a pile of gold.

...##....######..######...#
....#.....................#
....+..##.#####..##...#..##
#####..##...###..##......#
...##.)..........#.....###
...#.............#....#####
...#...<.........#....##..#
...#...........[.y........#
...#....(.......@#........#
#####.P.P..P..Py.##.......#
...#...P.P.P.P...##...#####
....P.P.P...P....#....##..##
.....P...........#.........#
.......P####P..P.#.......).#
##...P..#)>#.)...###...#..##
##.P....').#P.P...#..######
....PP..####...P......#


You could see 2 killer bees.

Vanquished Creatures
  A boulder beetle (D:9)
  2 two-headed ogres (D:9)
  Pikel (D:4)
  A cyclops (D:9)
  A manticore (D:9)
  The ghost of RichitheSlayer the Cudgeller, a novice MiMo of Okawaru (D:6)
  A gargoyle (D:9)
  A cane toad (shapeshifter) (D:9)
  Maggie (D:6)
  Sigmund (D:2)
  A tarantella (shapeshifter) (D:8)
  Eustachio (D:5)
  19 yaks
  8 humans (D:7)
  A steam dragon (D:7)
  Menkaure (D:4)
  Edmund (D:7)
  4 orc warriors
  An ice beast (D:8)
  2 sky beasts
  2 necrophages
  An ogre (D:7)
  9 centaurs
  A phantom (D:4)
  A lemure (D:4)
  Blork the orc (D:5)
  3 gnoll sergeants
  3 bullfrogs (D:9)
  2 scorpions
  18 killer bees
  23 wights
  A howler monkey (D:7)
  A bullfrog zombie (D:6)
  5 centaur zombies
  7 jellies
  2 gnoll shamans
  6 hounds
  Crazy Yiuf (D:6)
  2 centaur skeletons
  Ijyb (D:7)
  4 iguanas
  An orc wizard (D:9)
  3 killer bee zombies
  A centaur simulacrum (D:9)
  Robin (D:2)
  13 adders
  18 gnolls
  2 howler monkey skeletons (D:5)
  A shadow imp (D:8)
  A white imp (D:7)
  2 adder skeletons (D:4)
  2 worms
  2 dart slugs
  24 orcs
  6 endoplasms
  A giant cockroach (D:1)
  7 hobgoblins
  2 jackals (D:7)
  4 quokkas
  9 ball pythons
  7 bats
  5 frilled lizards
  17 goblins
  8 kobolds
  7 rats
288 creatures vanquished.

Vanquished Creatures (others)
  7 fungi
  6 plants (D:9)
13 creatures vanquished.

Grand Total: 301 creatures vanquished

Notes
Turn   | Place    | Note
-------+----------+-------------------------------------------
     0 | D:1      | McIrco the Minotaur Fighter began the quest for the Orb.
     0 | D:1      | Reached XP level 1. HP: 19/19 MP: 0/0
   243 | D:1      | Reached XP level 2. HP: 27/27 MP: 1/1
   373 | D:1      | Found Dounow's Antique Armour Shoppe.
   573 | D:1      | Found a faded altar of an unknown god.
  1111 | D:2      | Reached XP level 3. HP: 33/33 MP: 2/2
  1132 | D:2      | Noticed Robin
  1137 | D:2      | Reached skill level 3 in Axes
  1150 | D:2      | Killed Robin
  1279 | D:2      | Reached XP level 4. HP: 32/40 MP: 3/3
  1391 | D:2      | Noticed Sigmund
  1396 | D:2      | Killed Sigmund
  1397 | D:2      | Reached skill level 5 in Axes
  1397 | D:2      | Reached skill level 5 in Armour
  1397 | D:2      | Reached XP level 5. HP: 46/47 MP: 4/4
  2017 | D:2      | Reached XP level 6. HP: 38/55 MP: 5/5
  2503 | D:3      | Found a sacrificial altar of Ru.
  2921 | D:3      | Reached skill level 5 in Fighting
  3374 | D:4      | Noticed Menkaure
  3379 | D:4      | Killed Menkaure
  3380 | D:4      | Reached skill level 6 in Axes
  3386 | D:4      | Reached XP level 7. HP: 24/61 MP: 6/6
  3673 | D:4      | Noticed Pikel
  3711 | D:4      | Killed Pikel
  3712 | D:4      | Reached skill level 8 in Axes
  3712 | D:4      | Reached skill level 5 in Shields
  3712 | D:4      | Reached XP level 8. HP: 33/70 MP: 7/7
  4743 | D:5      | Entered Level 5 of the Dungeon
  4833 | D:5      | Noticed Eustachio
  4837 | D:5      | Reached skill level 9 in Axes
  4862 | D:5      | Reached XP level 9. HP: 44/78 MP: 8/8
  4881 | D:5      | Found Taraodog's Overcharged Wands.
  5191 | D:5      | Killed Eustachio
  5192 | D:5      | Reached skill level 10 in Axes
  5271 | D:5      | Noticed Blork the orc
  5280 | D:5      | Killed Blork the orc
  5340 | D:5      | Found a staircase to the Ecumenical Temple.
  5404 | Temple   | Entered the Ecumenical Temple
  5409 | Temple   | Became a worshipper of Gozag Ym Sagoz the Greedy
  5450 | D:5      | Found a basalt altar of Yredelemnul.
  5799 | D:6      | Noticed Maggie
  5809 | D:6      | Killed Maggie
  5839 | D:6      | Found a runed translucent door.
  5841 | D:6      | Noticed RichitheSlayer's ghost (novice MiMo)
  6233 | D:6      | Reached skill level 11 in Axes
  6845 | D:6      | Found a runed translucent door.
  6846 | D:6      | Noticed Crazy Yiuf
  7088 | D:6      | Killed Crazy Yiuf
  7190 | D:6      | Killed RichitheSlayer's ghost
  7191 | D:6      | Reached XP level 10. HP: 82/88 MP: 9/9
  7719 | D:7      | Reached skill level 12 in Axes
  7952 | D:7      | Found a runed translucent gate.
  7952 | D:7      | Found a runed translucent gate.
  7952 | D:7      | Noticed Froggeryz's ghost (novice OpBe)
  7953 | D:7      | Found a runed translucent gate.
  8022 | D:7      | Noticed Edmund
  8022 | D:7      | Noticed Ijyb
  8052 | D:7      | Killed Ijyb
  8137 | D:7      | Reached skill level 13 in Axes
  8210 | D:7      | Killed Edmund
  8283 | D:7      | Got the Tome of Ashen Venom
  8553 | D:7      | Reached skill level 10 in Shields
  8937 | D:8      | Reached XP level 11. HP: 90/97 MP: 10/10
  9648 | D:9      | Noticed a two-headed ogre
 10331 | D:9      | Found a staircase to the Lair.
 10360 | D:9      | Killed a two-headed ogre
 10677 | D:9      | Found a large runed translucent door.
 10677 | D:9      | Found a large runed translucent door.
 10680 | D:9      | Noticed a two-headed ogre
 10688 | D:9      | Killed a two-headed ogre
 10689 | D:9      | Reached skill level 10 in Armour
 10801 | D:9      | Found a large runed translucent door.
 10801 | D:9      | Found a large runed translucent door.
 10843 | D:9      | Noticed a boulder beetle
 10871 | D:9      | Reached skill level 14 in Axes
 10875 | D:9      | Killed a boulder beetle
 11396 | D:9      | Reached skill level 10 in Fighting
 11466 | D:9      | Identified the ring of Awe {+Blink rC+ rN+}
 11486 | D:9      | Identified the +0 leather armour of the Onion {Int+4}
 11512 | D:10     | Entered Level 10 of the Dungeon
 11794 | D:9      | Succumbed to a killer bee's poison

Illustrated notes

Levels and vault maps discovered:
D:1:      minmay_arrival_radiant_lines, layout_loops_corners,
          hellmonk_ecumenical_altar_lost_god, serial_shops, nicolae_shop_trees
D:2:      layout_basic, chequers_serial_rivers_micro_e, uniq_sigmund, uniq_robin
D:3:      layout_loops_corners, mainiacjoe_overflow_paths, grunt_decor_cap
D:4:      layout_basic, uniq_pikel, uniq_menkaure
D:5:      layout_loops_ring, minmay_temple_entry_steel_oval, kennysheep_diamond,
          minmay_misc_feat_enclosed, hangedman_decor_lopped,
          nicolae_shop_overcharged_wands, uniq_eustachio, uniq_blork_the_orc
D:6:      layout_basic, hellmonk_ghost_happy_afterlife,
          chequers_decorated_corner, uniq_crazy_yiuf_cottage, uniq_maggie
D:7:      erik_cavepeople, layout_basic, biasface_ghost_orc_armoury,
          chequers_mini_garden
D:8:      layout_rooms, roderic_malta_cross
D:9:      layout_gridville, grunt_lair_entry_orc_guard_hut,
          minmay_hollow_rounded_squares
D:10:     layout_roguey [special_room_bee], uniq_maurice
Temple:   compressed_dpeg_triangle_lava_temple

Skill      XL: |  1  2  3  4  5  6  7  8  9 10 11 |
---------------+----------------------------------+-----
Fighting       | 4 5 6 7 9 10 | 10.1
Armour         | 4 5 6 8 9 10 | 10.6
Shields        | 4 5 6 8 10 11 | 11.5
Axes           | 3 5 6 8 9 11 13 14 | 14.5

Action                   |  1- 3 |  4- 6 |  7- 9 | 10-12 || total
-------------------------+-------+-------+-------+-------++-------
Melee: War axe           |    73 |    97 |   231 |   431 ||   832
       Headbutt          |     8 |    22 |    57 |   108 ||   195
Throw: Dart              |       |       |       |     1 ||     1
       Javelin           |       |       |       |     1 ||     1
 Abil: Evoke Blink       |       |       |       |     1 ||     1
  Use: Potion            |       |     1 |     3 |     3 ||     7
       Scroll            |       |       |     7 |       ||     7
 Stab: Distracted        |       |       |       |     4 ||     4
Armor: Scale mail        |    29 |    42 |    78 |   127 ||   276
Dodge: Dodged            |    33 |    59 |    65 |   101 ||   258
Block: Buckler           |    12 |    34 |    41 |       ||    87
       Kite shield       |       |       |   114 |   322 ||   436
       Reflection        |       |       |     7 |    14 ||    21

Table legend: (Time is in decaauts)
 A = Elapsed time spent in this place.
 B = Non-inter-level travel time spent in this place.
 C = Inter-level travel time spent in this place.
 D = Time resting spent in this place.
 E = Time spent auto-exploring this place.
 F = Levels seen in this place.
 G = Mean time per level.
                   A        B        C        D        E       F      G
               +--------+--------+--------+--------+--------+-----+--------+
         Total |  11861 |  11489 |    372 |    898 |   8666 |  11 | 1078.3 |
       Dungeon |  11850 |  11484 |    366 |    898 |   8666 |  10 | 1185.0 |
        Temple |     10 |      5 |      5 |      0 |      0 |   1 |   10.0 |
               +--------+--------+--------+--------+--------+-----+--------+

Top non-repeatable levels by time:
     D:9: 1706 daAuts
     D:4: 1690 daAuts
     D:7: 1664 daAuts
     D:6: 1480 daAuts
     D:1: 1276 daAuts
     D:2: 1131 daAuts
     D:3: 996 daAuts
     D:8: 919 daAuts
     D:5: 745 daAuts
    D:10: 238 daAuts
  Temple: 10 daAuts
